 Dungeon Crawl Stone Soup version 0.29.0-11-gd7f09526c8 (webtiles) character file.

Game seed: 7088542536416228891

497 RKaid the Chopper (level 6, 0/85 HPs)
             Began as a Minotaur Fighter on Sept 3, 2022.
             Slain by a hornet zombie (10 damage)
             ... in an ossuary.
             The game lasted 00:10:38 (4920 turns).

RKaid the Chopper (Minotaur Fighter)                Turns: 4920, Time: 00:10:38

Health: 0/85       AC:  7    Str: 23    XL:     6   Next: 93%
Magic:  5/5        EV:  9    Int:  5    God:
Gold:   231        SH:  5    Dex:  9    Spells: 5/5 levels left

rFire   . . .      SeeInvis +   a - +0 war axe
rCold   . . .      Faith    .   g - +0 buckler
rNeg    . . .      Spirit   .   b - +1 scale mail
rPois   .          Reflect  .   (helmet restricted)
rElec   .          Harm     .   (no cloak)
rCorr   .          Rampage  .   (no gloves)
Will    .....                   (no boots)
Stlth   ..........              (no amulet)
HPRegen 0.24/turn               m - ring of see invisible {sInv}
MPRegen 0.09/turn               (no ring)

@: berserking, very quick
A: horns 2, retaliatory headbutt
a: no special abilities


You were in an ossuary.
You visited 1 branch of the dungeon, and saw 5 of its levels.
You also visited: Ossuary.

You collected 322 gold pieces.
You spent 91 gold pieces at shops.

Inventory:

Hand Weapons
 a - a +0 war axe (weapon)
Armour
 b - a +1 scale mail (worn)
 g - a +0 buckler (worn)
Jewellery
 m - a ring of see invisible (left hand) {sInv}
   (You found it on level 5 of the Dungeon)
Scrolls
 i - a scroll of identify
 k - a scroll of enchant weapon
 t - a scroll of teleportation
Potions
 c - a potion of curing
 d - 3 potions of might
 e - 3 potions of lignification {!q}
 f - a potion of attraction {unknown}
 h - a potion of ambrosia
 l - a potion of invisibility {unknown}
 n - 2 potions of brilliance
 o - a potion of resistance
 r - a potion of mutation {!q!q}


   Skills:
 + Level 5.6 Fighting
 * Level 6.6 Axes
 - Level 3.6 Armour
 + Level 5.6 Shields


You had 5 spell levels left.
You didn't know any spells.
Your spell library contained the following spells:

 Spells                   Type           Power      Damage    Failure   Level
 Beastly Appendage        Tmut           0%         N/A       86%         1
 Sandblast                Erth           0%         2d4       86%         1
 Passwall                 Tmut/Erth      0%         N/A       95%         2
 Wereblood                Tmut           0%         N/A       95%         2
 Ignite Poison            Fire/Tmut/Pois 0%         N/A       99%         3
 Mephitic Cloud           Conj/Pois/Air  0%         N/A       99%         3
 Spider Form              Tmut/Pois      0%         N/A       99%         3
 Stone Arrow              Conj/Erth      0%         3d7       99%         3
 Freezing Cloud           Conj/Ice/Air   0%         6-21      100%        5


Dungeon Overview and Level Annotations

Branches:
Dungeon (5/15)            Ossuary (1/1)
 Temple: D:4-7

Altars:
Kikubaaqudgha
Ru
Trog
Xom

Shops:
D:4 ?


Innate Abilities, Weirdness & Mutations

You have a pair of horns on your head.
You reflexively headbutt those who attack you in melee.


Message History

A killer bee zombie comes into view.
The killer bee zombie hits you but does no damage.
You hit the killer bee zombie.
Your headbutt misses the killer bee zombie.
The killer bee zombie hits you but does no damage.
The killer bee zombie completely misses you.
You slash the killer bee zombie!
The killer bee zombie hits you but does no damage.
The killer bee zombie hits you.
A bog mummy comes into view.
The killer bee zombie closely misses you.
You miss the killer bee zombie. You headbutt the killer bee zombie.
The killer bee zombie closely misses you.
You furiously retaliate!
You headbutt the killer bee zombie, but do no damage.
The killer bee zombie barely misses you.
You slash the killer bee zombie!
You destroy the killer bee zombie!
The bog mummy gestures at you while chanting.
The puff of frost hits you.
You enter the shallow water.
Moving in this stuff is going to be slow.
A bog mummy comes into view.
The bog mummy barely misses you.
You completely miss the bog mummy. The bog mummy casts a spell at you.
You block the puff of frost.
Your unstable footing causes you to fumble your attack.
The bog mummy barely misses you.
Your unstable footing causes you to fumble your attack.
The bog mummy hits you!
You are too injured to fight recklessly!
You are too injured to fight recklessly!
You barely miss the bog mummy. You hit the bog mummy but do no damage.
A killer bee zombie comes into view.
You hit the bog mummy but do no damage.
Your unstable footing causes you to fumble your attack.
A mummy comes into view.
The bog mummy hits you.
You closely miss the bog mummy. You hit the bog mummy.
The bog mummy hits you but does no damage.
You block the killer bee zombie's attack.
The killer bee zombie barely misses you.
The killer bee zombie hits you. The bog mummy closely misses you.
The killer bee zombie hits you.
* * * LOW HITPOINT WARNING * * *
You block the killer bee zombie's attack.
The bog mummy splashes around in the water.
You hit the bog mummy. You hit the killer bee zombie.
The killer bee zombie barely misses you.
You furiously retaliate!
You headbutt the killer bee zombie, but do no damage.
The killer bee zombie hits you.
* * * LOW HITPOINT WARNING * * *
You slash the bog mummy!
You destroy the bog mummy!
You hit the killer bee zombie.
The killer bee zombie hits you but does no damage.
A hornet zombie comes into view.
The killer bee zombie barely misses you.
The bog mummy points at you and mumbles some strange words.
You resist with some effort.
The killer bee zombie hits you but does no damage.
The hornet zombie moves out of view.
You closely miss the killer bee zombie. You headbutt the killer bee zombie.
The killer bee zombie hits you but does no damage.
The killer bee zombie hits you.
* * * LOW HITPOINT WARNING * * *
You slash the bog mummy! You closely miss the killer bee zombie.
You block the killer bee zombie's attack.
The killer bee zombie closely misses you.
You closely miss the bog mummy. You hit the killer bee zombie.
The killer bee zombie barely misses you.
The killer bee zombie hits you but does no damage.
The bog mummy barely misses you.
You hit the bog mummy. You closely miss the killer bee zombie.
The killer bee zombie barely misses you.
The killer bee zombie hits you.
* * * LOW HITPOINT WARNING * * *
Really quaff
j - a potion of berserk rage {!q}?
A red film seems to cover your vision as you go berserk!
You feel yourself moving faster!
You feel mighty!
The killer bee zombie hits you but does no damage. x2
You hit the bog mummy.
You destroy the bog mummy!
You hit the killer bee zombie.
The killer bee zombie barely misses you.
You furiously retaliate!
You headbutt the killer bee zombie!
You destroy the killer bee zombie!
You slice the mummy!!
You headbutt the mummy, but do no damage.
You slash the mummy!
You destroy the mummy!
You closely miss the hornet zombie. You slash the hornet zombie!
You headbutt the hornet zombie!
The hornet zombie hits you but does no damage.
The hornet zombie barely misses you.
You barely miss the hornet zombie. The hornet zombie hits you!
You die...

##### # #∩..#
#~## ###.∩.#
#~.~~ #.#...#
#~≈~##+##~##'##.#
#..~~~~.........+
#~~~#~Z.~~#'#+#+#
#≈#≈.~@#P~P#.#
##~#~~##≈###
#≈##≈≈#≈≈#
###≈#≈#### #####


You could see a hornet zombie.

Vanquished Creatures
  A necrophage (D:3)
  A centaur zombie (Ossuary)
  A bullfrog zombie (Ossuary)
  3 mummies (Ossuary)
  2 iguanas
  An orc wizard (D:4)
  2 killer bee zombies (Ossuary)
  2 howler monkey zombies (Ossuary)
  3 gnolls (D:4)
  7 adders
  A worm (D:4)
  4 orcs (D:4)
  6 ball pythons
  8 endoplasms
  3 giant cockroaches
  6 goblins
  5 hobgoblins
  6 jackals
  6 kobolds
  4 quokkas
  3 bats
  5 frilled lizards
  3 rats
83 creatures vanquished.

Vanquished Creatures (others)
  3 withered plants (Ossuary)
3 creatures vanquished.

Grand Total: 86 creatures vanquished

Notes
Turn   | Place    | Note
-------+----------+-------------------------------------------
     0 | D:1      | RKaid the Minotaur Fighter began the quest for the Orb.
     0 | D:1      | Reached XP level 1. HP: 19/19 MP: 0/0
   424 | D:1      | Reached skill level 3 in Axes
   424 | D:1      | Reached XP level 2. HP: 27/27 MP: 1/1
  1077 | D:1      | Reached skill level 4 in Fighting
  1080 | D:1      | Reached skill level 4 in Shields
  1565 | D:2      | Found a faded altar of an unknown god.
  1643 | D:2      | Reached XP level 3. HP: 33/33 MP: 2/2
  2454 | D:3      | Reached skill level 4 in Axes
  2574 | D:3      | Reached XP level 4. HP: 33/40 MP: 3/3
  2642 | D:3      | Found a bloodstained altar of Trog.
  2945 | D:3      | Noticed a necrophage
  2953 | D:3      | Killed a necrophage
  2954 | D:3      | Reached XP level 5. HP: 43/47 MP: 4/4
  3218 | D:3      | Reached skill level 5 in Axes
  3834 | D:4      | Reached skill level 5 in Fighting
  3834 | D:4      | Reached skill level 5 in Shields
  3843 | D:4      | HP: 10/48 [poisoned by a kobold]
  4174 | D:4      | Found a sacrificial altar of Ru.
  4302 | D:4      | Found Neoseisu's Magic Scroll Shoppe.
  4307 | D:4      | Bought a scroll of teleportation for 39 gold pieces
  4311 | D:4      | Bought a scroll of identify for 26 gold pieces
  4311 | D:4      | Bought a scroll of identify for 26 gold pieces
  4415 | D:4      | Found a shimmering altar of Xom.
  4415 | D:4      | Found an ancient bone altar of Kikubaaqudgha.
  4442 | D:4      | Reached XP level 6. HP: 36/56 MP: 5/5
  4685 | D:5      | Entered Level 5 of the Dungeon
  4718 | D:5      | Found a sand-covered staircase.
  4840 | Ossuary  | Entered an ossuary
  4874 | Ossuary  | Reached skill level 6 in Axes
  4908 | Ossuary  | HP: 14/56 [killer bee zombie (3)]
  4913 | Ossuary  | HP: 6/56 [killer bee zombie (3)]
  4920 | Ossuary  | Slain by a hornet zombie

Illustrated notes

Levels and vault maps discovered:
D:1:      eino_arrival_cavern_a, layout_loops_corners, chequers_garden,
          minmay_misc_feat_x, eino_curves_03
D:2:      layout_loops_corners, hellmonk_ecumenical_altar_arch_garden
D:3:      layout_basic, mainiacjoe_overflow_tiny_flanked
D:4:      layout_rooms, mainiacjoe_overflow_large_starburst,
          nicolae_ru_sacrificial_ziggurat, serial_shops, kennysheep_little_box,
          lemuel_another_geyser
D:5:      layout_gridville, grunt_temple_overflow_open, temple_statues,
          serial_shops, shop_statue, enter_ossuary_1, minmay_manual_maat,
          uniq_pikel, uniq_sigmund
Ossuary:  ossuary_zaba_flooded

Skill      XL: |  1  2  3  4  5  6 |
---------------+-------------------+-----
Axes           | 3 4 5 6 |  6.6
Fighting       | 4 5 |  5.6
Shields        | 4 5 |  5.6
Armour         | |  3.6

Action                   |  1- 3 |  4- 6 || total
-------------------------+-------+-------++-------
Melee: War axe           |    76 |   132 ||   208
       Headbutt          |     5 |    21 ||    26
  Use: Scroll            |     6 |     8 ||    14
       Potion            |       |     2 ||     2
Armor: Scale mail        |    34 |    56 ||    90
Dodge: Dodged            |    31 |    69 ||   100
Block: Buckler           |    12 |    29 ||    41

Table legend: (Time is in decaauts)
 A = Elapsed time spent in this place.
 B = Non-inter-level travel time spent in this place.
 C = Inter-level travel time spent in this place.
 D = Time resting spent in this place.
 E = Time spent auto-exploring this place.
 F = Levels seen in this place.
 G = Mean time per level.
                   A        B        C        D        E       F      G
               +--------+--------+--------+--------+--------+-----+--------+
         Total |   4988 |   4882 |    106 |   1181 |   2871 |   6 |  831.3 |
       Dungeon |   4899 |   4793 |    106 |   1158 |   2871 |   5 |  979.8 |
       Ossuary |     88 |     88 |      0 |     23 |      0 |   1 |   88.0 |
               +--------+--------+--------+--------+--------+-----+--------+

Top non-repeatable levels by time:
     D:1: 1434 daAuts
     D:3: 1420 daAuts
     D:2: 1001 daAuts
     D:4: 886 daAuts
     D:5: 156 daAuts
 Ossuary: 88 daAuts

Table legend:
 A = Kills in this place as a percentage of kills in entire the game.
 B = Kills by you in this place as a percentage of kills by you in the entire game.
 C = Kills by friends in this place as a percentage of kills by friends in the entire game.
 D = Other kills in this place as a percentage of other kills in the entire game.
 E = Experience gained in this place as a percentage of experience gained in the entire game.
 F = Experience gained in this place divided by the number of levels of this place that you have seen.
                   A       B       C       D       E      F
               +-------+-------+-------+-------+-------+----------------------
         Total | 100.0 | 100.0 |   N/A |   N/A | 100.0 | 118.5
       Dungeon |  89.2 |  89.2 |   N/A |   N/A |  61.5 |  87.4
       Ossuary |  10.8 |  10.8 |   N/A |   N/A |  38.5 | 274.0
               +-------+-------+-------+-------+-------+----------------------
